 Dungeon Crawl Stone Soup version 0.22.1-1-ga44c0e56f4 (webtiles) character file.

47740 KleinerIrrer the Brawler (level 14, -1/89 HPs)
             Began as an Octopode Fighter on Oct 20, 2018.
             Was a High Priest of Okawaru.
             Slain by an orc warrior
             ... wielding a +0 glaive
             ... led by an orc warlord
              (19 damage)
             ... while paralysed by an orc sorcerer
             ... on level 2 of the Orcish Mines.
             The game lasted 00:56:28 (25444 turns).

KleinerIrrer the Brawler (Octopode Fighter)        Turns: 25444, Time: 00:56:29

Health: -1/89      AC:  2    Str: 22    XL:     14   Next: 43%
Magic:  20/20      EV:  2    Int: 11    God:    Okawaru [*****.]
Gold:   1309       SH:  0    Dex: 15    Spells: 13/13 levels left

rFire    . . .     SeeInvis .     - Unarmed
rCold    . . .     Gourm    .   a - +0 shield
rNeg     . . .     Faith    .   O - +1 hat {MR+}
rPois    .         Spirit   .   o - +5 amulet of reflection
rElec    .         Reflect  +   I - +6 ring of strength
rCorr    .         Harm     .   (no ring)
MR       ++...                  (no ring)
Stlth    ++........             (no ring)
HPRegen  0.24/turn              (no ring)
MPRegen  0.17/turn              (no ring)
                                (no ring)
                                (no ring)

@: paralysed, drained
A: almost no armour, stealthy swim, amphibious, 8 rings, constrict 8, camouflage
1, mutation resistance 1, gelatinous body 1
a: Heroism, Finesse, Renounce Religion


You were on level 2 of the Orcish Mines.
You worshipped Okawaru.
Okawaru was extremely pleased with you.
You were not hungry.

You visited 4 branches of the dungeon, and saw 18 of its levels.
You also visited: Labyrinth, Ossuary and Ice Cave.

You collected 1424 gold pieces.
You spent 115 gold pieces at shops.

Inventory:

Hand Weapons
 n - a +2 arbalest of freezing
 J - the +3 trident "Lemag" {drain, rF++ rN+++ MP+9 Int-5}
   (You took it off a minotaur in a labyrinth)

   A truly terrible weapon, it drains the life of those it strikes.
   It affects your intelligence (-5).
   It greatly protects you from fire.
   It renders you almost immune to negative energy.
   It affects your magic capacity (+9).
Missiles
 f - 30 javelins (quivered)
 y - 6 silver tomahawks
 P - 4 javelins of returning
Armour
 a - a +0 shield (worn)
 O - a +1 hat of magic resistance (worn)
Jewellery
 e - an uncursed amulet of guardian spirit
 k - an uncursed ring of ice
 o - a +5 amulet of reflection (around mantle)
 r - an uncursed amulet of rage
 I - a +6 ring of strength (left tentacle)
Wands
 t - a wand of digging (19)
 u - a wand of flame (59)
 x - a wand of random effects (12)
 B - a wand of enslavement (14)
 F - a wand of iceblast (14)
 K - a wand of paralysis (16)
Scrolls
 b - 4 scrolls of fog
 d - 6 scrolls of remove curse
 g - a scroll of magic mapping
 i - 4 scrolls of enchant weapon
 j - 8 scrolls of amnesia
 p - 2 scrolls of identify
 s - a scroll of enchant armour
 v - 3 scrolls of fear
 w - 2 scrolls of teleportation
 D - a scroll of brand weapon
Potions
 h - 7 potions of curing
 l - 2 potions of brilliance
 m - 2 potions of cancellation
 q - 5 potions of lignification
 z - 2 potions of flight
 A - a potion of haste
 C - a potion of ambrosia
 G - a potion of heal wounds
 M - a potion of berserk rage
 N - a potion of magic
 Q - 3 potions of resistance
Comestibles
 c - 27 rations
 E - 14 chunks of flesh


   Skills:
 + Level 5.8(5.1) Fighting
 + Level 9.7(8.9) Dodging
 + Level 11.6(10.8) Shields
 + Level 15.7(14.8) Unarmed Combat
 * Level 8.7(8.0) Invocations
 * Level 8.2(7.4) Evocations


You had 13 spell levels left.
You didn't know any spells.
Your spell library contained the following spells:

 Spells                   Type           Power        Failure   Level  Hunger
 Animate Skeleton         Necr           N/A          52%         1    ##.....
 Magic Dart               Conj           #...         52%         1    ##.....
 Pain                     Necr           #...         52%         1    ##.....
 Blink                    Tloc           N/A          65%         2    ###....
 Call Imp                 Summ           #.......     65%         2    ###....
 Poisonous Vapours        Pois/Air       #.....       65%         2    ###....
 Slow                     Hex            #.......     65%         2    ###....
 Conjure Flame            Conj/Fire      #.......     87%         3    ####...
 Mephitic Cloud           Conj/Pois/Air  #.......     87%         3    ####...
 Regeneration             Chrm/Necr      #.........   87%         3    ####...
 Vampiric Draining        Necr           #.........   87%         3    ####...
 Animate Dead             Necr           N/A          99%         4    #####..
 Freezing Cloud           Conj/Ice/Air   #.........   100%        6    #######
 Ring of Flames           Chrm/Fire      #.........   100%        7    #######


Dungeon Overview and Level Annotations

Branches:
Dungeon (10/15)            Temple (1/1) D:6            Lair (5/6) D:10
 Shoals (0/4) Lair:2       Spider (0/4) Lair:3          Orc (2/2) D:9
    Elf (0/3) Orc:2
  Slime: Lair:5-6

Altars:
Ashenzari
Cheibriados
Dithmenos
Elyvilon
Fedhas
Gozag
Hepliaklqana
Kikubaaqudgha
Makhleb
Nemelex Xobeh
Okawaru
Qazlal
Ru
Sif Muna
Trog
Uskayaw
Vehumet
Wu Jian
Xom
Yredelemnul
Zin
The Shining One

Shops:
D:4 [   Orc:1 ?

Annotations:
Lair:4 exclusion: 4 oklob plants


Innate Abilities, Weirdness & Mutations

You cannot wear most types of armour.
You are very stealthy in the water. (Stealth+)
You are amphibious.
You can wear up to eight rings at the same time.
You can use your tentacles to constrict eight enemies at once.
Your skin changes colour to match your surroundings (Stealth+).
Your rubbery body absorbs attacks. (AC +1, EV +1)
You are somewhat resistant to further mutation.


Message History

The orc sorcerer is moderately wounded.
You constrict the orc sorcerer.
The orc throws a tomahawk.
You reflect the tomahawk off an invisible shield around you!
The tomahawk barely misses the orc.
The orc wizard casts a spell.
The orc wizard blinks!
The orc sorcerer casts a spell at you.
You suddenly lose the ability to move!
You lose your grip on the orc sorcerer.
The orc sorcerer hits you with a dagger.
The orc warrior hits you with a broad axe.
The orc sorcerer casts a spell at you. The bolt of fire hits you!
* * * LOW HITPOINT WARNING * * *
An orc priest comes into view. It is wielding a short sword.
An orc comes into view. It is wielding a short sword.
The orc sorcerer hits you with a dagger.
* * * LOW HITPOINT WARNING * * *
The orc warrior barely misses you.
The orc warrior hits you from afar with a glaive!!
You die...

#...........###.#
##...........#...$###
#.................#.#.
###..............#......
.###....................
.......[.............#..
...............#......#.
##..)[..................
.#[.....#.......@o......
..[.....####..#.o...#..#
........# ####.o...#
#..##.#.# #8o.o8#
...#...## #o..o.#
#.###.## #o....# #######
......o. ##.##
#####...o...(o
#.).##..8....


You could see an orc sorcerer, 2 orc warriors, 2 orc priests, 2 orc wizards and
4 orcs.

Vanquished Creatures
  Gastronok (Lair:1)
  A frost giant (IceCv)
  2 orc warlords
  A stone giant (Orc:1)
  Nessos (Lair:4)
  A minotaur (Lab)
  Snorg (D:10)
  An ettin (Orc:2)
  Harold (D:7)
  A two-headed ogre (D:8)
  Urug (D:10)
  3 orc high priests
  Nergalle (D:10)
  Pikel (D:7)
  5 orc knights
  An orc sorcerer (Orc:2)
  3 elephants (Lair:4)
  4 black mambas
  Psyche (D:8)
  An ice statue (IceCv)
  6 spiny frogs
  A komodo dragon (Lair:2)
  13 polar bears (IceCv)
  2 trolls (Orc:2)
  A queen bee (D:9)
  A hornet (D:9)
  Prince Ribbit (D:7)
  5 hippogriffs
  A snapping turtle (Lair:2)
  3 wyverns
  37 yaks
  Grum (D:8)
  5 wargs
  Menkaure (D:7)
  7 porcupines
  7 water moccasins
  34 orc warriors
  3 sky beasts
  11 ice beasts
  4 slaves (D:7)
  5 necrophages (Lair:3)
  A black bear (D:10)
  11 ogres
  13 wolves
  4 centaurs
  2 crocodiles
  11 bullfrogs
  A gnoll sergeant (Orc:2)
  37 killer bees
  12 scorpions
  A spriggan skeleton (Lab)
  A troll skeleton (Lab)
  16 wights
  An electric eel (Lair:2)
  A howler monkey (D:6)
  5 crimson imps
  2 lava snakes (D:10)
  A jelly (D:5)
  4 human zombies (Ossuary)
  12 orc priests
  A bullfrog skeleton (D:6)
  2 centaur skeletons
  2 quasits (D:10)
  6 hounds
  2 iguanas
  Natasha (D:3)
  16 orc wizards
  4 hell rats (Lair:5)
  7 worker ants
  A killer bee zombie (D:7)
  4 big kobold zombies (Ossuary)
  2 ogre skeletons (Lab)
  A hound zombie (D:6)
  3 mummies (Ossuary)
  A howler monkey zombie (D:8)
  2 worker ant zombies
  6 scorpion zombies (Ossuary)
  10 adders
  2 shadow imps
  3 adder zombies
  3 adder skeletons
  3 worms
  4 leopard geckos
  62 orcs
  2 ball pythons
  5 bats
  3 giant cockroaches
  2 gnoll zombies (Ossuary)
  9 goblins
  11 hobgoblins
  10 jackals
  6 kobolds
  3 quokkas
  6 frilled lizards
  A goblin zombie (Ossuary)
  A hobgoblin zombie (Ossuary)
  A kobold zombie (Ossuary)
  A leopard gecko skeleton (D:4)
  2 leopard gecko zombies
  An orc zombie (Ossuary)
  11 rats
540 creatures vanquished.

Vanquished Creatures (others)
  A scorpion (Ossuary)
  4 fungi
  4 plants
9 creatures vanquished.

Grand Total: 549 creatures vanquished

Notes
Turn   | Place    | Note
-------+----------+-------------------------------------------
     0 | D:1      | KleinerIrrer the Octopode Fighter began the quest for the
                  | Orb.
     0 | D:1      | Reached XP level 1. HP: 16/16 MP: 1/1
   104 | D:1      | Reached XP level 2. HP: 20/21 MP: 2/2
   436 | D:1      | Reached XP level 3. HP: 23/26 MP: 3/3
  1274 | D:2      | Reached XP level 4. HP: 31/31 MP: 4/4
  1278 | D:2      | Found a blossoming altar of Fedhas.
  1520 | D:2      | Found an iron altar of Okawaru.
  1659 | D:2      | Reached skill level 3 in Unarmed Combat
  2343 | D:3      | Noticed Natasha
  2350 | D:3      | Killed Natasha
  2350 | D:3      | Reached XP level 5. HP: 26/36 MP: 5/5
  2514 | D:3      | Found an ancient bone altar of Kikubaaqudgha.
  3486 | D:3      | Reached skill level 4 in Unarmed Combat
  3635 | D:4      | Reached XP level 6. HP: 33/42 MP: 6/6
  3921 | D:4      | Found a white marble altar of Elyvilon.
  4738 | D:4      | Found Tarix's Armour Emporium.
  5151 | D:5      | Entered Level 5 of the Dungeon
  5173 | D:5      | Found a sand-covered staircase.
  5183 | Ossuary  | Entered an ossuary
  5231 | Ossuary  | Reached XP level 7. HP: 14/47 MP: 3/7
  5473 | Ossuary  | Reached skill level 5 in Unarmed Combat
  5482 | Ossuary  | Reached skill level 5 in Shields
  5909 | Ossuary  | Reached skill level 6 in Unarmed Combat
  5957 | Ossuary  | Reached XP level 8. HP: 51/54 MP: 8/8
  6434 | D:5      | Reached skill level 7 in Unarmed Combat
  6587 | D:5      | Reached skill level 5 in Dodging
  7093 | D:6      | Found a staircase to the Ecumenical Temple.
  7124 | Temple   | Entered the Ecumenical Temple
  7473 | D:2      | Became a worshipper of Warmaster Okawaru
  7613 | D:7      | Reached skill level 8 in Unarmed Combat
  7651 | D:7      | Reached XP level 9. HP: 51/58 MP: 9/9
  7714 | D:7      | Noticed Harold
  7732 | D:7      | Killed Harold
  7732 | D:7      | Reached * piety under Okawaru
  7732 | D:7      | Reached skill level 9 in Unarmed Combat
  7755 | D:7      | Reached ** piety under Okawaru
  8108 | D:6      | Reached skill level 10 in Unarmed Combat
  8480 | D:6      | Reached skill level 1 in Invocations
  8507 | D:6      | Reached XP level 10. HP: 58/65 MP: 10/10
  8885 | D:6      | Found a shattered altar of Ashenzari.
  8980 | D:7      | Noticed Pikel
  8996 | D:7      | Killed Pikel
  8996 | D:7      | Reached *** piety under Okawaru
  9085 | D:7      | Noticed Menkaure
  9190 | D:7      | Found a sparkling altar of Nemelex Xobeh.
  9216 | D:7      | Killed Menkaure
  9425 | D:7      | Noticed Prince Ribbit
  9429 | D:7      | Reached skill level 11 in Unarmed Combat
  9433 | D:7      | Killed Prince Ribbit
  9637 | D:8      | Noticed Grum
  9675 | D:8      | Noticed Psyche
  9684 | D:8      | Killed Psyche
  9820 | D:8      | Killed Grum
  9840 | D:8      | Reached **** piety under Okawaru
 10111 | D:8      | Noticed a two-headed ogre
 10122 | D:8      | Killed a two-headed ogre
 10122 | D:8      | Reached XP level 11. HP: 63/70 MP: 11/14
 10856 | D:9      | Reached skill level 12 in Unarmed Combat
 10891 | D:9      | Found an ornate altar of the Wu Jian Council.
 10923 | D:9      | Found a staircase to the Orcish Mines.
 11037 | D:9      | Reached skill level 5 in Invocations
 12549 | D:10     | Entered Level 10 of the Dungeon
 13055 | D:10     | Noticed Nergalle
 13065 | D:10     | Noticed Urug
 13066 | D:10     | Killed Nergalle
 13066 | D:10     | Reached skill level 1 in Evocations
 13085 | D:10     | Killed Urug
 13358 | D:10     | Reached ***** piety under Okawaru
 13734 | D:10     | Noticed Snorg
 13741 | D:10     | Reached skill level 5 in Fighting
 13775 | D:10     | Killed Snorg
 13775 | D:10     | Reached skill level 13 in Unarmed Combat
 13857 | D:10     | Reached XP level 12. HP: 77/77 MP: 16/16
 14207 | D:10     | Found a staircase to the Lair.
 14549 | D:10     | Noticed a yaktaur captain
 14847 | Orc:1    | Entered Level 1 of the Orcish Mines
 14847 | Orc:1    | Noticed an orc warlord
 14903 | Lair:1   | Entered Level 1 of the Lair of Beasts
 15447 | Lair:1   | Noticed Gastronok
 15540 | Lair:1   | Killed Gastronok
 16028 | Lair:2   | Found a labyrinth entrance.
 16037 | Lab      | Entered a labyrinth
 16069 | Lab      | Found an exit through the horrors of the Abyss.
 16278 | Lab      | Noticed a minotaur
 16288 | Lab      | Killed a minotaur
 16291 | Lab      | Got an ichor-stained trident {drain}
 16415 | Lab      | Identified the cursed +3 trident "Lemag" {drain, rF++ rN+++
                  | MP+9 Int-5} (You took it off a minotaur in a labyrinth)
 16468 | Lair:2   | Reached skill level 10 in Shields
 17096 | Lair:2   | Reached skill level 5 in Evocations
 17342 | Lair:2   | Reached skill level 14 in Unarmed Combat
 18072 | Lair:2   | Found a staircase to the Shoals.
 18335 | Lair:3   | Noticed a seven-headed hydra
 18354 | Lair:3   | Found a hole to the Spider Nest.
 18831 | Lair:3   | Reached ****** piety under Okawaru
 18838 | Lair:3   | Received a gift from Okawaru
 19493 | Lair:3   | Reached XP level 13. HP: 82/82 MP: 17/17
 19667 | Lair:4   | Found a frozen archway.
 19677 | IceCv    | Entered an ice cave
 20376 | IceCv    | Noticed a frost giant
 20446 | IceCv    | Killed a frost giant
 20446 | IceCv    | Received a gift from Okawaru
 21208 | Lair:4   | Noticed Nessos
 21219 | Lair:4   | Killed Nessos
 21544 | Lair:4   | Reached skill level 15 in Unarmed Combat
 22310 | Lair:1   | Gained mutation: You are frail. (-10% HP) [potion of
                  | mutation]
 22310 | Lair:1   | Gained mutation: Your flesh is heat resistant. (rF+)
                  | [potion of mutation]
 22311 | Lair:1   | Lost mutation: You are frail. (-10% HP) [potion of
                  | mutation]
 22311 | Lair:1   | Lost mutation: Your flesh is heat resistant. (rF+) [potion
                  | of mutation]
 22311 | Lair:1   | Gained mutation: Your mind is acute. (Int +2) [potion of
                  | mutation]
 22311 | Lair:1   | Lost mutation: Your mind is acute. (Int +2) [potion of
                  | mutation]
 22311 | Lair:1   | Gained mutation: You are agile. (Dex +2) [potion of
                  | mutation]
 22312 | Lair:1   | Lost mutation: You are agile. (Dex +2) [potion of mutation]
 22312 | Lair:1   | Gained mutation: You are clumsy. (Dex -2) [potion of
                  | mutation]
 22312 | Lair:1   | Gained mutation: You are very clumsy. (Dex -4) [potion of
                  | mutation]
 22312 | Lair:1   | Gained mutation: You are somewhat resistant to further
                  | mutation. [potion of mutation]
 22313 | Lair:1   | Lost mutation: You are very clumsy. (Dex -4) [potion of
                  | mutation]
 22313 | Lair:1   | Lost mutation: You are clumsy. (Dex -2) [potion of
                  | mutation]
 23045 | D:9      | Killed an orc warlord
 23581 | Orc:2    | Entered Level 2 of the Orcish Mines
 23675 | Orc:2    | Received a gift from Okawaru
 23675 | Orc:2    | Reached XP level 14. HP: 86/89 MP: 18/20
 24121 | Orc:2    | Found a staircase to the Elven Halls.
 24897 | Orc:2    | Noticed an orc warlord
 24938 | Orc:2    | Killed an orc warlord
 25006 | Orc:1    | Noticed a stone giant
 25017 | Orc:1    | Killed a stone giant
 25235 | Orc:1    | Found Ziyk's Magic Scroll Emporium.
 25255 | Orc:1    | Bought a scroll of identify for 22 gold pieces
 25255 | Orc:1    | Bought a scroll of identify for 22 gold pieces
 25255 | Orc:1    | Bought a scroll of fear for 38 gold pieces
 25255 | Orc:1    | Bought a scroll of teleportation for 33 gold pieces
 25441 | Orc:2    | Paralysed by an orc sorcerer for 4 turns
 25444 | Orc:2    | Slain by an orc warrior

Skill      XL: |  1  2  3  4  5  6  7  8  9 10 11 12 13 14 |
---------------+-------------------------------------------+-----
Unarmed Combat | 3 4 6 8 10 11 13 14 15 | 15.7
Shields        | 4 5 6 7 8 9 10 11 | 11.6
Dodging        | 4 5 6 7 8 9 |  9.7
Fighting       | 4 5 |  5.8
Invocations    | 1 4 5 6 8 |  8.7
Evocations     | 3 5 7 8 |  8.2

Action                   |  1- 3 |  4- 6 |  7- 9 | 10-12 | 13-15 || total
-------------------------+-------+-------+-------+-------+-------++-------
Melee: Unarmed           |    79 |   163 |   268 |   645 |   523 ||  1678
       Constrict         |    26 |    44 |    67 |    95 |    72 ||   304
       Tentacles         |    16 |    46 |    76 |   168 |   145 ||   451
       Punch             |     1 |     6 |    25 |    80 |   107 ||   219
Throw: Javelin           |       |       |       |    11 |       ||    11
Invok: Heroism           |       |       |       |    29 |    17 ||    46
       Finesse           |       |       |       |       |     2 ||     2
Evoke: Wand              |       |       |       |     8 |     6 ||    14
  Use: Scroll            |     8 |     6 |     3 |    13 |     4 ||    34
       Potion            |       |     3 |     3 |     7 |     6 ||    19
 Stab: Sleeping          |     5 |     3 |     7 |     7 |       ||    22
       Distracted        |       |       |     1 |     1 |     1 ||     3
       Paralysed         |       |       |       |       |    10 ||    10
  Eat: Chunk             |     1 |     6 |     7 |    26 |    17 ||    57
       Ration            |       |     2 |     1 |     2 |     1 ||     6
Armor: Skin              |     3 |     9 |     2 |     6 |     5 ||    25
Dodge: Dodged            |    24 |    52 |    51 |   184 |   199 ||   510
Block: Shield            |    35 |    89 |   121 |   423 |   359 ||  1027
       Reflection        |       |     1 |     3 |     6 |    10 ||    20
